 Dungeon Crawl Stone Soup version 0.21.1-1-g345015fe64 (webtiles) character file.

1461 Holzbalken the Basher (level 8, 0/58 HPs)
             Began as a Demonspawn Monk on July 15, 2018.
             Slain by Duvessa
             ... wielding a +3 short sword of electrocution
              (14 damage)
             ... on level 7 of the Dungeon.
             The game lasted 00:24:39 (7611 turns).

Holzbalken the Basher (Demonspawn Monk)             Turns: 7611, Time: 00:24:40

Health: 0/58       AC: 21    Str: 14    XL:     8   Next: 48%
Magic:  8/8        EV:  6    Int: 11    God:
Gold:   337        SH:  3    Dex: 16    Spells: 7/7 levels left

rFire    x . .     SeeInvis .   t - +0 mace (protect)
rCold    + . .     Gourm    .   (no shield)
rNeg     . . .     Faith    .   g - +0 plate armour
rPois    .         Spirit   .   (no helmet)
rElec    .         Reflect  +   y - +0 cloak
rCorr    .         Harm     .   d - +0 pair of gloves
MR       .....                  (no boots)
Stlth    ..........             i - +3 amulet of reflection
HPRegen  0.19/turn              w - ring of ice
MPRegen  0.11/turn              (no ring)

@: protection aura
A: talons 1, powered by pain 2, sturdy frame 1
a: no special abilities


You were on level 7 of the Dungeon.
You were hungry.

You visited 1 branch of the dungeon, and saw 7 of its levels.

You collected 337 gold pieces.

Inventory:

Hand Weapons
 t - a +0 mace of protection (weapon)
Armour
 d - a +0 pair of gloves (worn)
 g - a +0 plate armour (worn)
 y - a +0 cloak (worn)
Jewellery
 i - a +3 amulet of reflection (around neck)
 w - a ring of ice (left hand)
Scrolls
 j - 4 scrolls of teleportation
 k - 2 scrolls of fear
 n - 3 scrolls of identify
 o - a scroll of enchant weapon {unknown}
 q - 3 scrolls of remove curse {unknown}
 r - 3 scrolls of enchant armour {unknown}
 v - 2 scrolls of fog {unknown}
 x - 2 scrolls of blinking {unknown}
Potions
 a - 2 potions of might {unknown}
 b - a potion of cancellation
 e - 6 potions of curing
 f - a potion of heal wounds {unknown}
 h - 2 potions of invisibility
 m - 2 potions of lignification {unknown}
 p - 2 potions of agility
 s - a potion of resistance
Comestibles
 c - 12 rations


   Skills:
 - Level 3.0 Fighting
 + Level 8.6 Maces & Flails
 - Level 5.1 Armour
 - Level 2.6 Dodging
 - Level 1.7 Stealth


You had 7 spell levels left.
You didn't know any spells.

Dungeon Overview and Level Annotations

Branches:
Dungeon (7/15)
 Temple: D:4-7

Altars:
Cheibriados
Gozag
Kikubaaqudgha
Makhleb
Trog

Annotations:
D:7 Dowan, Duvessa


Innate Abilities, Weirdness & Mutations

You have sharp toenails.
You sometimes gain power by taking damage.
Your movements are slightly less encumbered by armour. (ER -2)


Message History

Duvessa hits you but does no damage.
You are electrocuted!
Dowan, Brother of Duvessa comes into view.
He is wielding a dagger.
You barely miss Duvessa. You claw Duvessa.
Duvessa is lightly wounded.
Duvessa barely misses you.
You barely miss Duvessa. You claw Duvessa, but do no damage.
Duvessa is lightly wounded.
You block Duvessa's attack.
You hit Duvessa.
Duvessa is moderately wounded.
You block Duvessa's attack.
You hit Duvessa but do no damage. You claw Duvessa, but do no damage.
Duvessa is moderately wounded.
Duvessa hits you with a short sword of electrocution.
You are electrocuted!
* * * LOW HITPOINT WARNING * * *
Dowan casts a spell at Duvessa.
Duvessa seems to speed up.
Duvessa hits you but does no damage.
You are electrocuted!
You die...

######### .###.......#
..........<#
.###....e@.# .
####.#### .. # #.# #.
#. ##e# #..
.#.)###.#####..##.....
.......e..........##
#...##.........).#
#.....########...
#.##..# ..


You could see Duvessa.

Vanquished Creatures
  Grinder (D:4)
  A water moccasin (D:6)
  A sky beast (D:5)
  2 ogres (D:5)
  A crimson imp (D:6)
  A bullfrog skeleton (D:5)
  A centaur zombie (D:5)
  A bullfrog zombie (D:5)
  A hound (D:5)
  A jelly (D:5)
  6 orc priests
  Crazy Yiuf (D:4)
  5 orc wizards
  6 worker ants
  A killer bee zombie (D:5)
  A worker ant zombie (D:6)
  6 adders
  2 river rats (D:6)
  2 shadow imps
  An ooze (D:1)
  3 worms (D:2)
  A dart slug (D:2)
  2 leopard geckos
  23 orcs
  4 giant cockroaches
  6 goblins
  6 hobgoblins
  7 jackals
  3 quokkas
  A ball python skeleton (D:5)
  8 bats
  2 frilled lizards
  5 kobolds
  A quokka skeleton (D:4)
  10 rats
124 creatures vanquished.

Vanquished Creatures (others)
  A human (D:5)
  A goblin (D:3)
2 creatures vanquished.

Grand Total: 126 creatures vanquished

Notes
Turn   | Place    | Note
-------+----------+-------------------------------------------
     0 | D:1      | Holzbalken the Demonspawn Monk began the quest for the Orb.
     0 | D:1      | Reached XP level 1. HP: 18/18 MP: 1/1
    74 | D:1      | Reached skill level 3 in Maces & Flails
   148 | D:1      | Gained mutation: You have sharp toenails. [demonic ancestry]
   148 | D:1      | Reached XP level 2. HP: 19/24 MP: 2/2
   850 | D:2      | Reached skill level 4 in Maces & Flails
   850 | D:2      | Gained mutation: Your movements are slightly less encumbered by armour. (ER -2) [demonic ancestry]
   850 | D:2      | Reached XP level 3. HP: 21/29 MP: 3/3
  1462 | D:2      | Reached XP level 4. HP: 35/35 MP: 4/4
  2305 | D:3      | Found a burning altar of Makhleb.
  2308 | D:3      | Found an opulent altar of Gozag.
  2311 | D:3      | Found a bloodstained altar of Trog.
  2312 | D:3      | Found a snail-covered altar of Cheibriados.
  2502 | D:3      | Reached skill level 5 in Maces & Flails
  2770 | D:4      | Noticed Grinder
  2770 | D:4      | Paralysed by Grinder for 2 turns
  2775 | D:4      | Paralysed by Grinder for 4 turns
  2802 | D:4      | Paralysed by Grinder for 4 turns
  2810 | D:4      | Killed Grinder
  2810 | D:4      | Reached skill level 6 in Maces & Flails
  2810 | D:4      | Reached XP level 5. HP: 11/41 MP: 5/5
  2810 | D:4      | Gained mutation: You sometimes gain a little power by taking damage. [demonic ancestry]
  2810 | D:4      | Reached XP level 6. HP: 12/47 MP: 6/6
  3465 | D:4      | Reached skill level 7 in Maces & Flails
  4131 | D:4      | Found a runed door.
  4135 | D:4      | Noticed Crazy Yiuf
  4147 | D:4      | Killed Crazy Yiuf
  4364 | D:5      | Entered Level 5 of the Dungeon
  4375 | D:5      | Reached XP level 7. HP: 45/52 MP: 7/7
  4469 | D:5      | HP: 2/52 [ogre/giant club (10)]
  4470 | D:5      | Reached skill level 1 in Armour
  4927 | D:5      | Found an ancient bone altar of Kikubaaqudgha.
  4927 | D:5      | Noticed a human
  4931 | D:5      | Killed a human
  5687 | D:5      | Got a polished leather armour
  5701 | D:5      | Identified the +2 leather armour of Autumn {rCorr SInv} (You found it on level 5 of the Dungeon)
  5883 | D:5      | Gained mutation: You sometimes gain power by taking damage. [demonic ancestry]
  5883 | D:5      | Reached XP level 8. HP: 30/58 MP: 8/8
  6357 | D:5      | Reached skill level 8 in Maces & Flails
  6961 | D:6      | Reached skill level 5 in Armour
  7585 | D:7      | Noticed Duvessa
  7605 | D:7      | Noticed Dowan
  7611 | D:7      | Slain by Duvessa

Skill      XL: |  1  2  3  4  5  6  7  8 |
---------------+-------------------------+-----
Maces & Flails | 3 4 6 7 8 |  8.6
Armour         | 4 5 |  5.1
Fighting       | |  3.0
Dodging        | |  2.6
Stealth        | |  1.7

Action                   |  1- 3 |  4- 6 |  7- 9 || total
-------------------------+-------+-------+-------++-------
Melee: Mace              |   122 |   160 |   266 ||   548
       Kick              |    30 |    43 |    83 ||   156
  Use: Scroll            |       |       |    10 ||    10
  Eat: Chunk             |     2 |     6 |     6 ||    14
       Ration            |       |     1 |     1 ||     2
Armor: Plate armour      |    75 |   100 |   199 ||   374
       Chain mail        |     8 |       |       ||     8
Dodge: Dodged            |    22 |    58 |    85 ||   165
Block: Other             |    10 |    20 |    25 ||    55
       Reflection        |       |     1 |       ||     1
